 Dungeon Crawl Stone Soup version 0.17.1-1-g73c8601 (webtiles) character file.

848 Implojin the Grappler (level 7, -2/66 HPs)
             Began as a Troll Fighter on Apr 2, 2016.
             Slain by an orc wizard
             ... wielding a +0 dagger
              (5 damage)
             ... on level 7 of the Dungeon.
             The game lasted 00:03:50 (719 turns).

Implojin the Grappler (Troll Fighter)                Turns: 719, Time: 00:03:50

Health: -2/66      AC:  5    Str: 25    XL:     7   Next: 69%
Magic:  6/6        EV:  8    Int:  4    God:
Gold:   78         SH: 10    Dex: 11    Spells: 0 memorised, 6 levels left

rFire  . . .     SeeInvis .       - Unarmed
rCold  . . .     Clarity  .     a - +0 robe
rNeg   . . .     SustAt   .     b - +1 shield
rPois  .         Gourm    +     (helmet restricted)
rElec  .         Spirit   .     (no cloak)
rCorr  .         Warding  .     (gloves unavailable)
rMut   .         Stasis   .     (boots unavailable)
MR     .....                    (no amulet)
Stlth  +.........               (no ring)
                                (no ring)

@: not resistant to hostile enchantments, very unstealthy
A: unfitting armour, claws 3, fast metabolism 3, gourmand, regeneration 2,
shaggy fur 1, tough skin 2
a: no special abilities


You were on level 7 of the Dungeon.
You were not hungry.

You visited 1 branch of the dungeon, and saw 7 of its levels.

You collected 78 gold pieces.

Inventory:

Missiles
 e - 3 steel tomahawks (quivered)
 u - 2 throwing nets
 y - 8 tomahawks
Armour
 a - a +0 robe (worn)
 b - a +1 shield (worn)
Jewellery
 p - an uncursed amulet of stasis {unknown}
Wands
 c - a wand of flame (29)
 h - a wand of random effects (10)
 r - a wand of confusion (34)
 s - a wand of digging (10)
Scrolls
 k - a scroll of remove curse {unknown}
 m - 3 scrolls of teleportation
 v - a scroll of silence {unknown}
 w - a scroll of identify
Potions
 f - a potion of magic {unknown}
 i - 3 potions of curing
 j - a potion of heal wounds {unknown}
 l - 2 potions of invisibility
 n - a potion of flight
 o - a potion of berserk rage {unknown}
 x - a potion of mutation {unknown}
 z - a potion of agility {unknown}
 A - 2 potions of poison {unknown}
Comestibles
 d - 5 bread rations
 g - 7 beef jerkies
 q - a slice of pizza
 t - a royal jelly


   Skills:
 - Level 2.4 Fighting
 - Level 2.4 Dodging
 - Level 2.4 Shields
 * Level 9.0 Unarmed Combat


You had 6 spell levels left.
You didn't know any spells.

Dungeon Overview and Level Annotations

Branches:
Dungeon (7/15)
 Temple: D:4-7

Altars:
Sif Muna


Innate Abilities, Weirdness & Mutations

You are too large for most types of armour.
You have claws for hands.
Your metabolism is lightning-fast.
You like to eat raw meat.
You heal very quickly.
You are covered in fur (AC +1).
You have very tough skin (AC +2).


Message History

The orc wizard gestures at you while chanting.
You resist with some effort.
You mangle the orc wizard!!
You kill the orc wizard!
Your Unarmed Combat skill increases to level 9!
You closely miss something.
You hear some strange, mumbled words.
A puff of flame appears from out of thin air!
The puff of flame hits you!
* * * LOW HITPOINT WARNING * * *
Something hits you.
* * * LOW HITPOINT WARNING * * *
You miss something. Something hits you but does no damage.
You completely miss something. You block its attack.
You miss something. Something hits you.
* * * LOW HITPOINT WARNING * * *
You block its attack.
You closely miss something. Something hits you but does no damage.
Your shield prevents you from hitting something.
Something hits you.
* * * LOW HITPOINT WARNING * * *
You hear some strange, mumbled words.
A puff of frost appears from out of thin air!
The puff of frost misses you.
Your shield prevents you from hitting something.
Something hits you.
* * * LOW HITPOINT WARNING * * *
You scratch something. You block its attack.
You barely miss something. Something hits you.
* * * LOW HITPOINT WARNING * * *
Something hits you but does no damage.
Unknown command.
You claw something! Something hits you.
* * * LOW HITPOINT WARNING * * *
You closely miss something. Something hits you.
* * * LOW HITPOINT WARNING * * *
Something hits you.
You die...

.####.####### .# #.# ##
.####.# ###≈## ..
.#....# #≈≈≈≈≈## .#
.#....## ≈≈≈≈≈≈≈## .#
.#.....# ≈ ....≈≈≈# .#
.#.....# ≈.#
##≈≈≈####.# .#.....#
##..##8.8)8#.# .#.....#
#_...{@......# ##....[#
##..##8.8.8..#
#.....##≈.# ##≈≈≈###.##
##......#≈ ....≈≈≈##..#
.######.##≈≈≈≈≈≈≈###.##
.# #..##≈≈≈≈≈## #.# .#
##..###≈######.# .###
##...###)..##.# ...#
###.....#.##.#


There were no monsters in sight!

Vanquished Creatures
  Sigmund (D:4)
  An orc warrior (D:7)
  2 centaurs (D:7)
  3 ogres (D:7)
  A scorpion (D:5)
  An iguana (D:5)
  A worker ant (D:7)
  2 orc wizards (D:7)
  3 adders
  3 orcs (D:3)
  A giant cockroach (D:3)
  4 jackals
  A kobold (D:3)
24 creatures vanquished.

Notes
Turn   | Place    | Note
--------------------------------------------------------------
     0 | D:1      | Implojin the Troll Fighter began the quest for the Orb.
     0 | D:1      | Reached XP level 1. HP: 22/22 MP: 0/0
     3 | D:2      | Found a faded altar to an unknown god.
    20 | D:3      | Reached XP level 2. HP: 19/29 MP: 1/1
    25 | D:3      | Reached skill level 3 in Unarmed Combat
    75 | D:4      | Noticed Sigmund
    84 | D:4      | Killed Sigmund
    84 | D:4      | Reached skill level 5 in Unarmed Combat
    84 | D:4      | Reached XP level 3. HP: 9/36 MP: 2/2
    84 | D:4      | Reached XP level 4. HP: 11/44 MP: 3/3
    84 | D:4      | Reached XP level 5. HP: 12/50 MP: 4/4
   122 | D:5      | Entered Level 5 of the Dungeon
   163 | D:5      | Reached skill level 6 in Unarmed Combat
   351 | D:7      | Reached XP level 6. HP: 50/59 MP: 5/5
   404 | D:7      | Noticed an ogre
   409 | D:7      | Killed an ogre
   520 | D:7      | Reached skill level 7 in Unarmed Combat
   542 | D:7      | Noticed a centaur
   542 | D:7      | Noticed an ogre
   547 | D:7      | Killed an ogre
   547 | D:7      | Reached XP level 7. HP: 52/66 MP: 6/6
   550 | D:7      | Killed a centaur
   550 | D:7      | Reached skill level 8 in Unarmed Combat
   571 | D:7      | Noticed an ogre
   579 | D:7      | Killed an ogre
   676 | D:7      | Noticed an orc warrior
   692 | D:7      | Killed an orc warrior
   698 | D:7      | Found a deep blue altar of Sif Muna.
   708 | D:7      | Reached skill level 9 in Unarmed Combat
   719 | D:7      | HP: 3/66 [something (1)]
   719 | D:7      | Slain by an orc wizard

Action                   |  1- 3 |  4- 6 |  7- 9 || total
-------------------------+-------+-------+-------++-------
Melee: Unarmed           |    19 |    37 |    41 ||    97
  Use: Potion            |     1 |       |       ||     1
       Scroll            |       |     7 |       ||     7
 Stab: Sleeping          |       |     2 |       ||     2
  Eat: Chunk             |       |     7 |       ||     7

Table legend:
 A = Turns spent in this place as a percentage of turns spent in the entire game.
 B = Non-inter-level travel turns spent in this place as a percentage of non-inter-level travel turns spent in the entire game.
 C = Inter-level travel turns spent in this place as a percentage of turns spent in this place.
 D = Turns resting spent in this place as a percentage of non-inter-level travel turns spent in this place.
 E = Turns spent auto-exploring this place as a percentage of non-inter-level travel turns spent in this place.
 F = Non-inter-level travel turns spent in this place divided by the number of levels of this place that you've seen.
                   A       B       C       D       E      F
               +-------+-------+-------+-------+-------+----------------------
         Total | 100.0 | 100.0 |   0.0 |   0.0 |   0.0 |  91.6
       Dungeon | 100.0 | 100.0 |   0.0 |   0.0 |   0.0 |  91.6
               +-------+-------+-------+-------+-------+----------------------

Table legend:
 A = Kills in this place as a percentage of kills in entire the game.
 B = Kills by you in this place as a percentage of kills by you in the entire game.
 C = Kills by friends in this place as a percentage of kills by friends in the entire game.
 D = Other kills in this place as a percentage of other kills in the entire game.
 E = Experience gained in this place as a percentage of experience gained in the entire game.
 F = Experience gained in this place divided by the number of levels of this place that you have seen.
                   A       B       C       D       E      F
               +-------+-------+-------+-------+-------+----------------------
         Total | 100.0 | 100.0 |  -nan |  -nan | 100.0 | 173.1
       Dungeon | 100.0 | 100.0 |  -nan |  -nan | 100.0 | 173.1
               +-------+-------+-------+-------+-------+----------------------
